 Dungeon Crawl Stone Soup version 0.30-a0-1093-gcfb1e0cf12 (console) character file.

Game seed: 3795123739726276561

370638 Kenran the Slayer (level 21, -4/195 HPs)
             Began as a Minotaur Fighter on Apr 13, 2023.
             Was the Champion of Hepliaklqana.
             Succumbed to a spriggan defender's poison
             ... on level 3 of the Depths on Apr 17, 2023.
             The game lasted 02:50:27 (55572 turns).

Kenran the Slayer (Minotaur Fighter)               Turns: 55572, Time: 02:50:27

Health: -4/195     AC: 43    Str: 28    XL:     21   Next: 68%
Magic:  27/29      EV: 13    Int:  8    God:    Hepliaklqana [******]
Gold:   2042       SH: 13    Dex: 14    Spells: 20/20 levels left

rFire   + + .      SeeInvis .    b - +8 broad axe (elec)
rCold   + + .      Faith    .    A - +0 kite shield {reflect}
rNeg    . . .      Spirit   .    R - +7 crystal plate armour {rC+}
rPois   .          Reflect  +    T - +2 hood of the Assassin {Detect Stab+ Stlth++}
rElec   .          Rampage  .    S - scarf {rC+ rF+}
rCorr   .                        l - +2 pair of gloves {Stlth+}
Will    +....                    n - +0 pair of boots Stlth
                                 t - amulet "Ugopn" {Acrobat rF+ Int+3 Slay+3}
HPRegen 0.52/turn                C - +4 ring of slaying
MPRegen 0.21/turn                W - +5 ring of evasion

@: lethally poisoned (-4 -> -63), slowed, studying Throwing, very slow
A: reduced essence, horns 2, retaliatory headbutt
}: 2/15 runes: barnacled, gossamer
a: Renounce Religion, Recall Ancestor, Ancestor Identity, Transference, Idealise


You were on level 3 of the Depths.
You worshipped Hepliaklqana.
Hepliaklqana was exalted by your worship.
You visited 8 branches of the dungeon, and saw 40 of its levels.
You visited 1 bazaar.
You also visited: Ice Cave.

You collected 4560 gold pieces.
You spent 2518 gold pieces at shops.

Inventory:

Hand Weapons
 b - a +8 broad axe of electrocution (weapon)
Missiles
 M - a throwing net (quivered)
Armour
 l - a +2 pair of gloves of stealth (worn)
 n - a +0 pair of boots (worn)
 A - a +0 kite shield of reflection (worn)
 R - a +7 crystal plate armour of cold resistance (worn)
 S - a scarf of resistance (worn)
 T - the +2 hood of the Assassin (worn) {Detect Stab+ Stlth++}
   (You found it in an ice cave)

   Detect:    It allows the wearer to sense nearby creatures.
   Stab+:     It allows the wearer to make particularly effective stabbing
   attacks against helpless or unaware enemies with any weapon.
   Stlth:     It makes you much more stealthy.
Jewellery
 r - a ring of resist corrosion
 t - the amulet "Ugopn" (around neck) {Acrobat rF+ Int+3 Slay+3}
   (You found it on level 2 of the Spider Nest)

   [amulet of the acrobat]

   It increases your evasion while moving and waiting.
   Int:       It affects your intelligence (+3).
   Slay:      It affects your accuracy & damage with ranged weapons and melee
   (+3).
   rF:        It protects you from fire.
 y - a ring of willpower
 C - a +4 ring of slaying (left hand)
 U - the amulet of Moral Flaws {Acrobat Rampage rPois rN+}
   (You found it in an ice cave)

   [amulet of the acrobat]

   It increases your evasion while moving and waiting.
   rPois:     It protects you from poison.
   rN:        It protects you from negative energy.
   Rampage:   It bestows one free step when moving towards enemies.
 W - a +5 ring of evasion (right hand)
 Y - the ring of Orinylyl {rF++ rC+ Int+5 Dex-4 SInv}
   (You found it on level 1 of the Vaults)

   [ring of see invisible]

   Int:       It affects your intelligence (+5).
   Dex:       It affects your dexterity (-4).
   rF:        It greatly protects you from fire.
   rC:        It protects you from cold.
   SInv:      It lets you see invisible.
Wands
 m - a wand of flame (48)
 v - a wand of iceblast (23)
 D - a wand of charming (50)
 H - a wand of light (5)
 N - a wand of digging (2)
 Q - a wand of mindburst (14)
Scrolls
 e - 24 scrolls of identify {@r1}
 f - 7 scrolls of brand weapon
 h - 7 scrolls of amnesia
 i - 5 scrolls of butterflies
 j - 6 scrolls of fog
 k - 5 scrolls of fear
 o - 5 scrolls of poison {!r}
 p - 4 scrolls of immolation {!r}
 s - 20 scrolls of teleportation
 z - 2 scrolls of silence
 K - 5 scrolls of vulnerability {!r}
 X - 6 scrolls of magic mapping
 Z - 5 scrolls of blinking
Potions
 c - 9 potions of cancellation
 d - 2 potions of might
 g - 10 potions of lignification {!q}
 q - 4 potions of ambrosia
 u - 10 potions of flight
 w - 2 potions of magic
 x - 2 potions of resistance
 B - 7 potions of mutation {!q}
 F - 4 potions of brilliance
 G - 2 potions of invisibility
 I - 7 potions of haste
 L - 12 potions of curing {@q1}
 O - 2 potions of heal wounds {@q2}
 P - 4 potions of attraction {!q}
Miscellaneous
 J - a condenser vane


   Skills:
 - Level 25.0 Fighting
 - Level 8.0 Long Blades
 - Level 21.0 Axes
 - Level 5.0 Throwing
 + Level 22.5 Armour
 - Level 5.0 Dodging
 - Level 15.0 Shields
 + Level 12.8 Invocations
 - Level 14.0 Evocations


You had 20 spell levels left.
You didn't know any spells.
Your spell library contained the following spells:

 Spells                   Type           Power      Damage    Failure   Level
 Beastly Appendage        Tmut           0%         N/A       100%        1
 Kiss of Death            Conj/Necr      0%         2d5       100%        1
 Magic Dart               Conj           0%         1d3       100%        1
 Necrotise                Necr           0%         1d4       100%        1
 Shock                    Conj/Air       0%         1d3       100%        1
 Sting                    Tmut/Pois      0%         1d3       100%        1
 Blink                    Tloc           0%         N/A       100%        2
 Call Imp                 Summ           0%         N/A       100%        2
 Cigotuvi's Dreadful Rot  Necr/Pois/Air  0%         N/A       100%        2
 Ensorcelled Hibernation  Hex/Ice        0%         N/A       100%        2
 Lesser Beckoning         Tloc           0%         N/A       100%        2
 Momentum Strike          Conj/Tloc      0%         3d8       100%        2
 Passwall                 Tmut/Erth      0%         N/A       100%        2
 Poisonous Vapours        Pois/Air       0%         N/A       100%        2
 Scorch                   Fire           0%         2d5       100%        2
 Searing Ray              Conj           0%         2d4       100%        2
 Static Discharge         Conj/Air       0%         2-2/arc   100%        2
 Wereblood                Tmut           0%         N/A       100%        2
 Confusing Touch          Hex            0%         N/A       100%        3
 Frozen Ramparts          Ice            0%         1d1       100%        3
 Gell's Gravitas          Tloc           0%         N/A       100%        3
 Ignite Poison            Fire/Tmut/Pois 0%         N/A       100%        3
 Mephitic Cloud           Conj/Pois/Air  0%         N/A       100%        3
 Spider Form              Tmut/Pois      0%         N/A       100%        3
 Swiftness                Air            0%         N/A       100%        3
 Teleport Other           Tloc           0%         N/A       100%        3
 Vhi's Electric Charge    Tloc/Air       0%         N/A       100%        3
 Airstrike                Air            0%         2d(0-16)  100%        4
 Anguish                  Hex/Necr       0%         N/A       100%        4
 Dispel Undead            Necr           0%         3d6       100%        4
 Flame Wave               Conj/Fire      0%         2d4       100%        4
 Fulminant Prism          Conj/Hex       0%         3d5       100%        4
 Ice Form                 Ice/Tmut       0%         N/A       100%        4
 Manifold Assault         Tloc           0%         N/A       100%        4
 Olgreb's Toxic Radiance  Pois           0%         N/A       100%        4
 Passage of Golubria      Tloc           0%         N/A       100%        4
 Summon Lightning Spire   Summ/Air       0%         N/A       100%        4
 Arcjolt                  Conj/Air       0%         1d10      100%        5
 Freezing Cloud           Conj/Ice/Air   0%         6-21      100%        5
 Iskenderun's Battlesphe  Conj           0%         2d6       100%        5
 Metabolic Englaciation   Hex/Ice        0%         N/A       100%        5
 Silence                  Hex/Air        0%         N/A       100%        5
 Summon Forest            Summ/Tloc      0%         N/A       100%        5
 Conjure Ball Lightning   Conj/Air       0%         3x3d6     100%        6
 Dispersal                Tloc           0%         N/A       100%        6
 Eringya's Noxious Bog    Tmut/Pois      0%         N/A       100%        6
 Iron Shot                Conj/Erth      0%         9d1       100%        6
 Plasma Beam              Fire/Air       0%         2x1d11    100%        6
 Simulacrum               Ice/Necr       0%         N/A       100%        6
 Summon Cactus Giant      Summ           0%         N/A       100%        6
 Enfeeble                 Hex            0%         N/A       100%        7
 Ozocubu's Refrigeration  Ice            0%         4d7       100%        7
 Spellforged Servitor     Conj/Summ      0%         N/A       100%        7
 Summon Hydra             Summ           0%         N/A       100%        7
 Discord                  Hex            0%         N/A       100%        8
 Disjunction              Tloc           0%         N/A       100%        8
 Ignition                 Fire           0%         3d3       100%        8
 Lehudib's Crystal Spear  Conj/Erth      0%         10d2      100%        8
 Summon Horrible Things   Summ           0%         N/A       100%        8
 Polar Vortex             Ice            0%         N/A       100%        9


Dungeon Overview and Level Annotations

Branches:
Dungeon (15/15)            Temple (0/1) D:6            Lair (5/5) D:8
 Shoals (4/4) Lair:3       Spider (4/4) Lair:3        Slime (0/5) Lair:5
    Orc (2/2) D:10            Elf (2/3) Orc:2        Vaults (4/5) D:13
  Crypt (0/3) Vaults:3     Depths (4/4) D:15          IceCv (visited)
    Zot: Depths:4

Altars:
Ashenzari
Dithmenos
Fedhas
Hepliaklqana
Kikubaaqudgha
Makhleb
Sif Muna
Uskayaw
Vehumet
Wu Jian
Xom
Yredelemnul
Zin
Jiyva
Lugonu

Shops:
D:5 [**:   D:7 :   Orc:1 ?   Orc:2 ([:*   Elf:2 ?[   Vaults:1 (   Depths:1 [*

Portals:
Hell: Depths:1 Depths:2
Abyss: Lair:5 Depths:1
Pandemonium: Depths:2

Annotations:
D:6 exclusion: 2 downstairs
D:15 Roxanne
Lair:2 2 runed translucent doors, exclusion: downstairs, Artemis2's ghost, journeyman DrTm
Lair:3 exclusion: downstairs
Lair:4 exclusion: 2 downstairs
Shoals:2 2 exclusions


Innate Abilities, Weirdness & Mutations

Your life essence is reduced to manifest your ancestor. (-10% HP)
You have a pair of horns on your head.
You reflexively headbutt those who attack you in melee.


Message History

* * * LOW HITPOINT WARNING * * *
The spriggan rider hits you but does no damage.
The spriggan rider barely misses you.
You feel much better.
You feel very sick.
You block the spriggan defender's attack. x2
The spriggan rider hits you from afar with a +0 spear. x2
The spriggan defender closely misses you.
You furiously retaliate!
You headbutt the spriggan defender.
The spriggan rider hits you but does no damage.
Select a target.
Press: ? - help, Dir - move target The floor.
You can't see anything there.
Try transferring anyway?
Nothing appears to happen.
You feel very sick.
The spriggan defender hits you with a +8 quick blade of venom!!
* * * LOW HITPOINT WARNING * * *
You are more poisoned.
The spriggan rider hits you but does no damage.
The spriggan defender hits you with a +8 quick blade of venom!
* * * LOW HITPOINT WARNING * * *
You are lethally poisoned!
You block the spriggan rider's attack. x2
You feel much better.
You feel extremely sick.
The spriggan defender hits you with a +8 quick blade of venom!
* * * LOW HITPOINT WARNING * * *
You are more poisoned.
You block the spriggan rider's attack.
You block the spriggan defender's attack.
The spriggan rider closely misses you.
The spriggan rider hits you from afar with a +0 spear.
* * * LOW HITPOINT WARNING * * *
You block the spriggan defender's attack.
Okay, then.
Blink to where?
Press: ? - help, Dir - move target
As you read the scroll of blinking, it crumbles to dust.
You die...

.'...... #.$....######
.......##########..........<#
..######.........................
.................................
#.......<........................
#................................
#......................#+###.....
#........>[.......)...R§ii.'.....
#.>....................#.i.#.....
#.................(....#...#
#...............@......######
####.........######.........#
#.........# #.........#
#.........# #.........#
#.........# #.........#
#.........# #.........#
########### ###########


You could see the friendly Tochtli the knight (fast, reflecting).

Vanquished Creatures
  Saint Roka (Vaults:1)
  Nikola (Shoals:1)
  A golden dragon (Depths:2)
  Jorgrun (Shoals:2)
  Rupert (Lair:3)
  A walking earthen tome (Depths:3)
  A lich (Depths:2)
  A titan (Shoals:3)
  Asterion (Spider:3)
  An ancient champion (Vaults:3)
  Polyphemus (Shoals:2)
  Frances (Lair:3)
  2 sphinxes
  Agnes (D:14)
  A shadow dragon (Depths:2)
  Donald (Vaults:1)
  Ilsuiw (Shoals:3)
  2 tengu reavers
  2 azure jellies (IceCv)
  9 fire giants
  Aizul (Spider:1)
  2 frost giants
  9 vault wardens
  An iron dragon (Depths:1)
  3 ghost moths (Spider:4)
  3 emperor scorpions
  3 war gargoyles (Vaults:4)
  7 ironbound preservers
  14 very ugly things
  8 stone giants
  4 ironbound thunderhulks
  2 deep elf annihilators (Elf:1)
  A white draconian (Depths:4)
  13 dire elephants
  A yellow draconian (Depths:4)
  6 spark wasps
  Snorg (D:14)
  5 entropy weavers
  A deep elf death mage (Elf:2)
  5 merfolk javelineers (Shoals:4)
  3 ettins
  A jiangshi (Depths:1)
  10 merfolk impalers
  9 yaktaur captains
  6 great orbs of eyes
  2 deep elf high priests
  4 hydras
  5 fire dragons
  5 ice dragons
  A peacekeeper (Vaults:4)
  2 hell beasts (Depths:1)
  2 alligator snapping turtles
  7 vault guards
  5 merfolk avatars
  A spriggan air mage (Depths:3)
  2 rakshasas
  8 ironbound frosthearts
  4 boulder beetles
  2 radroaches
  2 catoblepae
  10 centaur warriors
  A merfolk aquamancer (Shoals:2)
  7 deep troll earth magi
  17 dancing weapons
  4 deep troll shamans
  6 tengu warriors
  18 death yaks
  A thrashing horror (Lair:5)
  A death yak (shapeshifter) (Vaults:1)
  5 two-headed ogres
  2 orc high priests
  8 deep elf knights
  A spriggan berserker (Depths:2)
  Sonja (Lair:5)
  4 skysharks
  A soul eater (Depths:1)
  Nergalle (D:10)
  3 iron trolls
  3 pharaoh ants
  A sun moth (Spider:3)
  Amaemon (D:9)
  24 deep trolls
  4 orb spiders
  7 skeletal warriors
  9 sea snakes
  A flayed ghost (Depths:2)
  A quicksilver dragon simulacrum (Depths:1)
  5 deep elf archers
  3 necromancers
  A glowing orange brain (Depths:1)
  18 ironbound convokers
  7 deep elf pyromancers
  15 lindwurms
  3 orc knights (Orc:2)
  A phantasmal warrior (Vaults:1)
  5 steelbarb worms
  15 harpies
  10 wizards
  14 deep elf zephyrmancers
  28 ugly things
  5 orc sorcerers
  22 wolf spiders
  A tengu skeleton (Vaults:1)
  3 large abominations (Lair:5)
  9 manticores
  A centaur zombie (D:15)
  6 cyclopes
  A sphinx skeleton (Vaults:1)
  2 fauns (Shoals:1)
  12 elephants
  9 merfolk sirens
  2 water nymphs
  3 torpor snails
  A frost giant skeleton (Vaults:1)
  Maurice (D:9)
  A black mamba (Lair:5)
  An orange demon (D:9)
  14 vault sentinels
  3 moths of wrath
  A smoke demon (Lair:5)
  9 cane toads
  5 demonic crawlers
  A gargoyle (D:10)
  An efreet (D:15)
  Maggie (D:7)
  4 rime drakes
  24 yaktaurs
  A freezing wraith (Vaults:3)
  5 komodo dragons
  A tengu conjurer (Depths:1)
  A troll (shapeshifter) (D:13)
  A kobold demonologist (D:9)
  2 ancient zymes (Lair:5)
  A meliai (shapeshifter) (D:14)
  6 trolls
  6 meliai
  12 merfolk
  A polar bear (Lair:4)
  11 wind drakes
  7 hornets
  27 blink frogs
  18 tarantellas
  5 snapping turtles
  A raiju (Spider:3)
  7 small abominations (Lair:5)
  10 dream sheep
  2 jumping spiders (shapeshifter)
  55 slime creatures
  A slime creature (shapeshifter) (Vaults:4)
  A centaur simulacrum (D:15)
  A culicivora (shapeshifter) (D:14)
  12 culicivoras
  A flying skull (Vaults:3)
  26 jumping spiders
  A wraith (D:11)
  3 wyverns
  31 yaks
  2 vampires
  8 basilisks
  2 shadows
  9 air elementals
  3 hogs (D:15)
  31 water elementals
  4 fire elementals
  A chaos spawn (Lair:5)
  3 steam dragons
  47 redbacks
  Menkaure (D:7)
  8 vampire mosquitoes (D:12)
  6 wargs
  An acid dragon (D:13)
  9 water moccasins
  A great orb of eyes simulacrum (IceCv)
  27 orc warriors
  3 black bears
  An ice beast (D:7)
  5 ogres
  4 wolves
  An ogre (shapeshifter) (Depths:4)
  11 centaurs
  A slime creature simulacrum (IceCv)
  3 boggarts (Vaults:4)
  A kobold brigand (D:9)
  20 bullfrogs
  3 glowing shapeshifter simulacra (IceCv)
  A scorpion (D:5)
  4 wights (D:9)
  23 killer bees
  2 howler monkeys (D:8)
  2 electric eels (D:15)
  3 hounds
  6 jellies (Lair:5)
  10 orc priests
  2 sleepcaps
  Jessica (D:3)
  Ijyb (D:4)
  14 orc wizards
  An iguana (D:4)
  Terence (D:3)
  2 shapeshifter simulacra (IceCv)
  4 gnolls
  6 adders
  3 shadow imps
  2 white imps (D:7)
  2 ufetubi
  A dart slug (D:1)
  46 orcs
  4 ball pythons
  4 bats (D:1)
  5 endoplasms
  5 giant cockroaches
  4 hobgoblins
  4 jackals (D:1)
  10 kobolds
  7 quokkas
  3 frilled lizards
  14 goblins
  3 rats
1285 creatures vanquished.

Vanquished Creatures (collateral kills)
  A quicksilver dragon (Depths:1)
  A titan (Vaults:4)
  Kirke (D:15)
  A storm dragon (Shoals:4)
  A sphinx (Vaults:3)
  2 vault wardens
  3 frost giants
  A ghost moth (Spider:3)
  An orc warlord (Orc:2)
  An ironbound preserver (Vaults:3)
  4 ironbound thunderhulks
  A quicksilver ooze (IceCv)
  2 very ugly things
  A dire elephant (Vaults:1)
  2 spark wasps
  An ettin (Depths:1)
  A merfolk javelineer (Shoals:4)
  A jiangshi (Depths:1)
  2 fire dragons
  3 yaktaur captains (Vaults:4)
  A peacekeeper (Vaults:4)
  3 hydras
  A centaur warrior (Vaults:2)
  2 two-headed ogres (D:8)
  3 dancing weapons
  An alligator snapping turtle (Shoals:4)
  2 vampire magi
  A tengu warrior (Depths:1)
  2 deep troll earth magi
  A deep troll shaman (Depths:2)
  3 thrashing horrors (Lair:5)
  A spriggan berserker (Depths:1)
  3 skysharks
  2 iron trolls
  A fire crab (Lair:5)
  3 sea snakes
  A sun moth (Spider:4)
  4 deep trolls
  A glowing orange brain (Depths:3)
  An orb spider (Spider:2)
  A deep elf archer (Elf:1)
  An orange crystal statue (Depths:2)
  2 steelbarb worms
  3 harpies
  An ironbound convoker (Vaults:1)
  3 lindwurms
  2 wizards
  A cyclops (D:14)
  2 deep elf zephyrmancers (Elf:1)
  A faun (Shoals:1)
  2 deep elf pyromancers
  2 wolf spiders
  5 ugly things
  3 elephants
  A black mamba (shapeshifter) (Lair:5)
  10 slime creatures
  An ice statue (IceCv)
  4 vault sentinels
  2 water nymphs
  5 yaktaurs
  A merfolk (Shoals:2)
  A meliai (Lair:3)
  3 tarantellas
  4 blink frogs
  A dream sheep (Lair:5)
  A centaur simulacrum (D:15)
  2 jumping spiders
  4 culicivoras
  4 water elementals
  An air elemental (Shoals:4)
  A yak (Lair:1)
  A ynoxinul (Lair:5)
  A basilisk (Lair:2)
  A hog (D:15)
  A chaos spawn (Lair:5)
  5 redbacks
  A steam dragon (D:9)
  A small abomination (Lair:5)
  A water moccasin (Lair:1)
  3 orc warriors (Orc:2)
  An ogre (Orc:2)
  4 centaurs
  3 slime creature simulacra (IceCv)
  A kobold brigand (D:9)
  2 bullfrogs
  A gnoll sergeant (Orc:2)
  A glowing shapeshifter simulacrum (IceCv)
  4 killer bees
  3 orc priests (Orc:2)
  2 orc wizards
  2 gnolls (Orc:2)
  A white imp (Vaults:3)
  20 orcs
203 creatures vanquished.

Vanquished Creatures (others)
  A storm dragon (Depths:2)
  A yaktaur captain (Vaults:1)
  A yaktaur (Vaults:2)
  An orc wizard (Orc:2)
  20 knights
  An ancestor (D:5)
  31 fungi
  68 plants
  8 tentacles (Shoals:2)
132 creatures vanquished.

Grand Total: 1620 creatures vanquished

Notes
Turn   | Place    | Note
-------+----------+-------------------------------------------
     0 | D:1      | Kenran the Minotaur Fighter began the quest for the Orb.
     0 | D:1      | Reached XP level 1. HP: 19/19 MP: 0/0
   184 | D:1      | Reached XP level 2. HP: 26/26 MP: 1/1
   480 | D:1      | Reached XP level 3. HP: 27/31 MP: 2/2
  1284 | D:2      | Reached skill level 5 in Long Blades
  1508 | D:2      | Reached XP level 4. HP: 36/39 MP: 3/3
  1941 | D:3      | Noticed Terence
  1945 | D:3      | Killed Terence
  2049 | D:3      | Noticed Jessica
  2059 | D:3      | Killed Jessica
  2060 | D:3      | Reached skill level 4 in Fighting
  2164 | D:3      | Reached XP level 5. HP: 34/46 MP: 4/4
  2323 | D:3      | Found a glowing silver altar of Zin.
  2323 | D:3      | Found a basalt altar of Yredelemnul.
  2330 | D:3      | Found a hazy altar of Hepliaklqana.
  2333 | D:3      | Found a burning altar of Makhleb.
  2336 | D:3      | Found a hide-covered altar of Uskayaw.
  2349 | D:3      | Found a blossoming altar of Fedhas.
  2414 | D:3      | Became a worshipper of Hepliaklqana the Forgotten
  2852 | D:4      | Reached XP level 6. HP: 52/52 MP: 5/5
  2991 | D:4      | Noticed Ijyb
  3032 | D:4      | Killed Ijyb
  3356 | D:5      | Entered Level 5 of the Dungeon
  3405 | D:5      | Reached skill level 5 in Fighting
  3414 | D:5      | Found Baupposuj's General Store.
  3415 | D:5      | Found Torotoep's Antique Armour Emporium.
  3418 | D:5      | Found Mecycus's Book Emporium.
  3418 | D:5      | Found Plog's General Store.
  3422 | D:5      | Bought a potion of heal wounds for 60 gold pieces
  3431 | D:5      | Bought a scroll of teleportation for 45 gold pieces
  3431 | D:5      | Bought a scroll of identify for 30 gold pieces
  3457 | D:5      | Reached * piety under Hepliaklqana
  3467 | D:5      | Reached XP level 7. HP: 35/55 MP: 6/6
  3493 | D:5      | Reached skill level 6 in Fighting
  3589 | D:5      | Found a shimmering blue altar of Sif Muna.
  3595 | D:5      | Identified the +7 battleaxe "Eteetedogg" {flame, rPois}
  3678 | D:5      | You fall into a shaft and drop 1 floor!
  3724 | D:6      | Noticed a steam dragon
  3734 | D:7      | Identified the +0 plate armour of Fortitude {rN+}
  4096 | D:7      | Reached skill level 5 in Axes
  4182 | D:7      | Noticed Maggie
  4189 | D:7      | Killed Maggie
  4190 | D:7      | Reached XP level 8. HP: 8/63 MP: 7/7
  4393 | D:7      | Found Fotua's Self-Improvement Boutique.
  4396 | D:7      | Noticed Menkaure
  4397 | D:7      | Noticed a two-headed ogre
  4624 | D:5      | Found a shadowy altar of Dithmenos.
  4873 | D:6      | Reached skill level 7 in Fighting
  5041 | D:6      | Found a staircase to the Ecumenical Temple.
  5043 | D:6      | Reached ** piety under Hepliaklqana
  5045 | D:6      | Remembered your ancestor Tochtli as a knight
  5154 | D:6      | Reached XP level 9. HP: 63/72 MP: 8/8
  5602 | D:7      | Killed a two-headed ogre
  5603 | D:7      | Reached skill level 8 in Fighting
  5603 | D:7      | Reached skill level 10 in Axes
  5608 | D:7      | Killed Menkaure
  5758 | D:8      | Noticed a two-headed ogre
  5761 | D:8      | Noticed a two-headed ogre
  5763 | D:8      | Killed a two-headed ogre
  5764 | D:8      | Reached skill level 5 in Armour
  5770 | D:8      | Killed a two-headed ogre
  5771 | D:8      | Reached XP level 10. HP: 80/80 MP: 9/9
  5813 | D:8      | Found a staircase to the Lair.
  5844 | D:8      | Found a broken altar of Ashenzari.
  6685 | D:9      | Reached skill level 9 in Fighting
  6964 | D:9      | Noticed Maurice
  6979 | D:9      | Killed Maurice
  6980 | D:9      | Reached skill level 10 in Fighting
  7257 | D:9      | Reached *** piety under Hepliaklqana
  7477 | D:9      | Noticed Amaemon
  7477 | D:9      | Noticed an orange demon
  7483 | D:9      | Killed Amaemon
  7489 | D:9      | Killed an orange demon
  7490 | D:9      | Reached skill level 11 in Fighting
  7536 | D:9      | Noticed a two-headed ogre
  7543 | D:9      | Killed a two-headed ogre
  7544 | D:9      | Reached XP level 11. HP: 55/91 MP: 10/10
  7834 | D:10     | Entered Level 10 of the Dungeon
  7890 | D:10     | Noticed a six-headed hydra
  7896 | D:10     | Killed a three-headed hydra
  8055 | D:10     | Noticed Nergalle
  8071 | D:10     | Killed Nergalle
  8351 | D:10     | Reached skill level 10 in Armour
  8351 | D:10     | Reached skill level 1 in Invocations
  8532 | D:10     | Found a shimmering altar of Xom.
  8670 | D:10     | Found a staircase to the Orcish Mines.
  8875 | D:10     | Reached **** piety under Hepliaklqana
  9485 | Lair:1   | Entered Level 1 of the Lair of Beasts
  9619 | Lair:1   | Reached skill level 5 in Invocations
 10035 | Lair:1   | Reached skill level 12 in Fighting
 10346 | Lair:2   | Found a large runed translucent door.
 10382 | Lair:2   | Reached ***** piety under Hepliaklqana
 10394 | Lair:2   | Reached skill level 15 in Axes
 10550 | Lair:2   | Reached XP level 12. HP: 96/100 MP: 14/14
 10893 | Lair:2   | Found a large runed translucent door.
 10897 | Lair:2   | Noticed Artemis2's ghost (journeyman DrTm)
 10968 | Lair:2   | Reached skill level 1 in Evocations
 11360 | Lair:3   | Found a hole to the Spider Nest.
 11713 | Lair:3   | Noticed a death yak
 11720 | Lair:3   | Noticed a death yak
 11720 | Lair:3   | Noticed a death yak
 11720 | Lair:3   | Noticed a death yak
 11720 | Lair:3   | Noticed a death yak
 11721 | Lair:3   | Noticed a death yak
 11737 | Lair:2   | Killed a death yak
 11743 | Lair:2   | Killed a death yak
 12148 | Lair:3   | Noticed Rupert
 12158 | Lair:3   | Killed Rupert
 12320 | Lair:3   | Reached skill level 13 in Fighting
 12719 | Lair:3   | Found a staircase to the Shoals.
 12725 | Lair:3   | Reached XP level 13. HP: 85/109 MP: 17/17
 13044 | Lair:3   | Reached skill level 14 in Fighting
 15052 | Lair:5   | Entered Level 5 of the Lair of Beasts
 15067 | Lair:4   | Reached skill level 1 in Dodging
 15332 | Lair:5   | Reached skill level 5 in Dodging
 15927 | Lair:5   | Reached XP level 14. HP: 93/118 MP: 18/18
 16295 | Lair:5   | Found a viscous altar of Jiyva.
 16304 | Lair:5   | Found a staircase to the Slime Pits.
 16318 | Lair:5   | Noticed Sonja
 16325 | Lair:5   | Killed Sonja
 17570 | Lair:5   | Reached skill level 15 in Fighting
 17661 | Lair:5   | Found a corrupted altar of Lugonu.
 17661 | Lair:5   | Found a one-way gate to the infinite horrors of the Abyss.
 18481 | D:12     | Found a flickering gateway to a bazaar.
 18556 | D:12     | HP: 6/121 [very large slime creature (48)]
 18876 | Bazaar   | Entered a bazaar
 18876 | Bazaar   | Found Wojun's Weapon Shoppe.
 18876 | Bazaar   | Found Teh Eplo's Antique Armour Shoppe.
 18877 | Bazaar   | Found Muoll's Distillery.
 18877 | Bazaar   | Found Quuq's Book Emporium.
 18900 | Bazaar   | Bought a pitted plate armour for 616 gold pieces
 18900 | Bazaar   | Identified the +1 plate armour of Muriluacs {rElec rN+}
                  | (You bought it in a shop in a bazaar)
 18919 | Bazaar   | Bought a potion of curing for 45 gold pieces
 18919 | Bazaar   | Bought a potion of heal wounds for 75 gold pieces
 18919 | Bazaar   | Bought a potion of heal wounds for 75 gold pieces
 18919 | Bazaar   | Bought a potion of cancellation for 120 gold pieces
 19787 | D:12     | Found a hazy altar of Hepliaklqana.
 20180 | D:12     | Reached skill level 16 in Fighting
 20865 | D:13     | Found a gate to the Vaults.
 20927 | D:13     | Reached ****** piety under Hepliaklqana
 21381 | D:14     | Reached XP level 15. HP: 104/129 MP: 19/19
 21400 | D:14     | Noticed Agnes
 21410 | D:14     | Killed Agnes
 21839 | D:14     | Noticed Snorg
 21847 | D:14     | Killed Snorg
 22424 | D:15     | Entered Level 15 of the Dungeon
 22639 | D:15     | Identified the +4 sling "Goblinslayer" {heavy, Contam
                  | +Blink rPois Stlth+}
 22704 | D:15     | Reached skill level 5 in Evocations
 22727 | D:15     | Found a shadowy altar of Dithmenos.
 22817 | D:15     | Identified Roxanne's Cyclopedia of Flesh
 22817 | D:15     | Noticed Roxanne
 23146 | D:15     | Noticed Kirke
 23151 | D:15     | HP: 1/122 [necromancer/bolt of negative energy (33)]
 23406 | D:15     | Reached skill level 15 in Armour
 23584 | D:15     | Found an ornate altar of the Wu Jian Council.
 23646 | D:15     | Paralysed by an orc sorcerer for 2 turns
 23657 | D:15     | Killed Kirke
 23905 | D:15     | Found a staircase to the Depths.
 24258 | Orc:1    | Entered Level 1 of the Orcish Mines
 24271 | Orc:1    | Found Ajibler's Magic Scroll Boutique.
 24912 | Orc:2    | Entered Level 2 of the Orcish Mines
 24923 | Orc:2    | Found a frozen archway.
 24974 | IceCv    | Entered an ice cave
 25347 | IceCv    | Noticed an azure jelly
 25349 | IceCv    | Found a viscous altar of Jiyva.
 25349 | IceCv    | Noticed an azure jelly
 25353 | IceCv    | Killed an azure jelly
 25356 | IceCv    | Killed an azure jelly
 25357 | IceCv    | Reached skill level 10 in Invocations
 25360 | IceCv    | Found the +4 skin of Zhor {*Englaciate rC+++ SInv}
 25361 | IceCv    | Found the +2 hood of the Assassin {Detect Stab+ Stlth++}
 25373 | IceCv    | Identified the +1 longbow "Goblinslayer" {flame, rElec
                  | Int+3 Dex+2}
 25374 | IceCv    | Identified the amulet of Moral Flaws {Acrobat Rampage rPois
                  | rN+}
 25377 | IceCv    | Got Urheekul's Excursus on the Iceberg
 26543 | Orc:2    | Found a staircase to the Elven Halls.
 26990 | Orc:2    | Found Tatom's Antique Armour Boutique.
 27004 | Orc:2    | Found Fayrghoo's General Store.
 27093 | Orc:2    | Found Xivearch's Antique Weapon Boutique.
 27173 | Orc:2    | Found Gugo's Book Boutique.
 27577 | Spider:1 | Entered Level 1 of the Spider Nest
 27580 | Spider:1 | Noticed an emperor scorpion
 27655 | Shoals:1 | Entered Level 1 of the Shoals
 27782 | Shoals:1 | Reached XP level 16. HP: 136/136 MP: 22/22
 28159 | Shoals:1 | Noticed Nikola
 28183 | Shoals:1 | Killed Nikola
 28184 | Shoals:1 | Reached skill level 17 in Fighting
 28902 | Shoals:2 | Noticed Polyphemus
 28923 | Shoals:2 | Killed Polyphemus
 29078 | Shoals:2 | Upgraded the game from 0.30-a0-1070-gd49b78fada to
                  | 0.30-a0-1085-g990a428a5c
 29220 | D:7      | Bought a manual of Armour for 1120 gold pieces
 30060 | Spider:1 | Reached skill level 18 in Fighting
 30085 | Spider:1 | Noticed Frances
 30104 | Lair:3   | Killed Frances
 30502 | Spider:1 | Noticed Aizul
 30511 | Spider:1 | Killed Aizul
 31532 | D:5      | Bought a scroll of enchant armour for 90 gold pieces
 31532 | D:5      | Bought a wand of iceblast (4) for 115 gold pieces
 31718 | Spider:2 | Identified the amulet "Ugopn" {Acrobat rF+ Int+3 Slay+3}
 32672 | Spider:3 | Reached XP level 17. HP: 127/146 MP: 23/23
 32683 | Spider:3 | Noticed Asterion
 32990 | Spider:3 | Killed Asterion
 33249 | Spider:3 | Reached skill level 10 in Evocations
 33783 | Spider:4 | Entered Level 4 of the Spider Nest
 34961 | Spider:4 | Reached skill level 19 in Fighting
 36063 | Spider:4 | Got a gossamer rune of Zot
 36441 | Shoals:2 | Reached skill level 20 in Fighting
 36617 | Shoals:2 | Noticed a kraken
 36731 | Shoals:2 | Noticed Jorgrun
 36741 | Shoals:2 | Killed Jorgrun
 37651 | Shoals:3 | Noticed a titan
 37685 | Shoals:3 | Killed a titan
 37872 | Shoals:3 | Noticed Ilsuiw
 37929 | Shoals:3 | Killed Ilsuiw
 38434 | Shoals:3 | Reached XP level 18. HP: 125/160 MP: 25/25
 38663 | Shoals:4 | Entered Level 4 of the Shoals
 38673 | Shoals:4 | Paralysed by an air elemental for 1 turns
 38801 | Shoals:4 | Paralysed by an air elemental for 1 turns
 39488 | Shoals:4 | Got a barnacled rune of Zot
 39502 | Shoals:4 | Got the Exposition on the Cemetery and the Entourage
 39578 | Shoals:4 | Paralysed by an air elemental for 1 turns
 39604 | Shoals:4 | Paralysed by an air elemental for 1 turns
 40418 | Elf:1    | Entered Level 1 of the Elven Halls
 40419 | Elf:1    | Paralysed by an air elemental for 1 turns
 41282 | Elf:1    | Found a radiant altar of Vehumet.
 41516 | Elf:2    | Paralysed by an air elemental for 1 turns
 41586 | Elf:2    | Found Zeha's Antique Armour Boutique.
 41938 | Elf:2    | Found Hipiusk's Magic Scroll Shoppe.
 41993 | Elf:2    | Bought a scroll of blinking for 127 gold pieces
 42011 | Elf:2    | Reached skill level 21 in Fighting
 42017 | Elf:2    | Found a runed translucent gate.
 42017 | Elf:2    | Found a runed translucent gate.
 42021 | Elf:2    | Found a runed translucent gate.
 43103 | Vaults:1 | Entered Level 1 of the Vaults
 43192 | Vaults:1 | Noticed Saint Roka
 43217 | Vaults:1 | Killed Saint Roka
 43218 | Vaults:1 | Reached skill level 22 in Fighting
 43249 | Vaults:1 | Reached XP level 19. HP: 82/171 MP: 27/27
 43678 | Vaults:1 | Noticed Donald
 43725 | Vaults:1 | Killed Donald
 44472 | Vaults:1 | Identified the ring of Orinylyl {rF++ rC+ Int+5 Dex-4 SInv}
 44654 | Vaults:1 | Found Lyutruaj's Antique Weapon Emporium.
 45422 | Vaults:2 | Reached skill level 5 in Shields
 45609 | Vaults:2 | Got Sif Muna's Cyclopedia of the Tundra and Gases
 45849 | Vaults:2 | Identified the +2 pair of boots of Starshine {rC++ rCorr
                  | Int+3 SInv}
 46905 | Vaults:3 | Reached skill level 10 in Shields
 47401 | Vaults:3 | Found a staircase to the Crypt.
 47549 | Vaults:3 | Reached XP level 20. HP: 145/180 MP: 28/28
 49249 | Vaults:4 | Reached skill level 23 in Fighting
 50880 | Depths:1 | Entered Level 1 of the Depths
 51017 | Depths:1 | Found a gateway to Hell.
 51557 | Depths:1 | Reached skill level 24 in Fighting
 51598 | Depths:1 | Reached XP level 21. HP: 94/192 MP: 29/29
 51630 | Depths:1 | Reached skill level 15 in Shields
 51848 | Depths:1 | Found Maedomoe's General Store.
 51968 | Depths:1 | Found Lukkaih's Superior Scales.
 52164 | Depths:1 | Found an ancient bone altar of Kikubaaqudgha.
 52198 | Depths:1 | Upgraded the game from 0.30-a0-1085-g990a428a5c to
                  | 0.30-a0-1093-gcfb1e0cf12
 52730 | Depths:2 | Reached skill level 25 in Fighting
 52736 | Depths:2 | Reached skill level 1 in Throwing
 52825 | Depths:2 | Found a runed translucent door.
 52831 | Depths:2 | Found a runed translucent door.
 52945 | Depths:2 | Found a one-way gate leading to the halls of Pandemonium.
 53252 | Depths:2 | Identified the +5 battleaxe of Buiryu {flame, Int+3 Stlth+}
 53470 | Depths:2 | Noticed a golden dragon
 53876 | Depths:2 | Found a one-way gate leading to the halls of Pandemonium.
 54232 | Depths:2 | Killed a golden dragon
 54868 | Depths:3 | Reached skill level 5 in Throwing
 54876 | Depths:3 | You fall into a shaft and drop 1 floor!
 54876 | Depths:4 | Entered Level 4 of the Depths
 55557 | Depths:3 | Paralysed by a sphinx for 3 turns
 55572 | Depths:3 | Succumbed to a spriggan defender's poison

Illustrated notes

Levels and vault maps discovered:
D:1:      sevenhm_arrival_forest_fort_small_4, layout_loops_ring,
          serial_bayou_pond_c
D:2:      layout_loops_ring
D:3:      layout_basic, nicolae_overflow_hallway_of_the_gods, uniq_terence,
          uniq_jessica
D:4:      layout_rooms, minmay_misc_feat_roman, st_stairs_10, uniq_ijyb
D:5:      layout_rooms, lemuel_round_altar, mainiacjoe_overflow_brackets,
          minmay_shop_grid_forest
D:6:      layout_basic, temple_green, minmay_misc_feat_diagonals,
          grunt_ministairs_4, minmay_stone_trees_small
D:7:      layout_rooms, minmay_misc_feat_more_columns, nicolae_shop_self_help,
          uniq_maggie, uniq_menkaure
D:8:      layout_basic, nicolae_ashenzari_skybound, lair_entry_dummy
D:9:      hellmonk_ruined_rings, layout_irregular_city, roderic_roman_lattice,
          uniq_maurice, uniq_amaemon
D:10:     layout_layer_cave, lemuel_tele_altar, hiddenorc1_lemuel,
          hangedman_abyss_or_decor_clamps, minmay_misc_feat_alley, uniq_nergalle
D:11:     layout_big_octagon
D:12:     layout_basic, serial_shops, bzr_entry_gold, nrook_mini_vaults,
          nicolae_hepliaklqana_hippocampus
D:13:     layout_long_grid, david_vaults_1
D:14:     layout_cave_pools, uniq_snorg, uniq_agnes
D:15:     grunt_enter_depths_magical_seal, layout_basic,
          pdpol_wu_jian_five_deadly_venoms,
          nicolae_dithmenos_through_a_glass_darkly, uniq_kirke, uniq_roxanne
Lair:1:   layout_chaotic_city
Lair:2:   layout_regular_city, ebering_ghost_disaster_area
Lair:3:   layout_hall_layers, minmay_shoals_entry_hut,
          hellmonk_spider_entry_not_the_bees, beast_lair_carwin_7,
          infiniplex_staircase_pool, serial_bayou_shore_a, uniq_rupert
Lair:4:   layout_regular_city
Lair:5:   hellmonk_lair_end_abyssal_woods, layout_layer_cave,
          nicolae_slime_entry_field_trip, uniq_sonja
Shoals:1: layout_shoals, uniq_nikola
Shoals:2: layout_shoals, nicolae_shoals_water_elemental_grotto, uniq_jorgrun,
          uniq_polyphemus
Shoals:3: cheibrodos_shoals_gigantism, layout_shoals, uniq_ilsuiw
Shoals:4: shoals_end_hellmonk_storm_palace [storm_palace_center_ruins,
          storm_palace_corner_grid, storm_palace_corner_grid,
          storm_palace_corner_grid, storm_palace_corner_narrow]
Spider:1: layout_cave_pods, uniq_aizul, uniq_frances
Spider:2: layout_spider_delve, spiders_nest_hornet_nest
Spider:3: layout_spider_delve, beargit_elvish_explorers, uniq_asterion
Spider:4: spider_rune_water, nicolae_spider_webs_and_nodes
Orc:1:    layout_caves, serial_shops, shop, hellmonk_bongcloud_opening,
          nicolae_orc_stony_grotto
Orc:2:    grunt_orc_cross, layout_caves, portal_ice_cave_rime
Elf:1:    layout_loops_cross, basic_altar, hangedman_elf_represent
Elf:2:    elven_hall_of_blades_hangedman_original
          [nicolae_blade_entry_floor_patterns], layout_loops_cross,
          serial_shops, shop, nicolae_lakefront_shop,
          nicolae_elf_variegated_diamond
Vaults:1: hangedman_vaults_nails, st_octagons_1, nicolae_vaults_three_branches,
          grunt_vaults_diagonal, nicolae_vaults_little_squares_6,
          vaults_dpeg_hooks, v_rooms_3, v_misc_12,
          nicolae_vaults_inception_scallops, hangedman_vaults_capsules,
          vaults_mumra_hex, nicolae_vaults_gold_heap, layout_vaults_omnicross,
          serial_shops, nicolae_shop_stone, uniq_donald, uniq_saint_roka
Vaults:2: grunt_vaults_twisty, v_misc_4, vaults_room_ringed_pool, v_misc_28,
          vaults_room_door_hall, vaults_dpeg_ring, v_misc_11, v_rooms_6,
          ontoclasm_vaults_pinch, ontoclasm_vaults_bender, layout_vaults_omnibox
Vaults:3: vaults_dpeg_cross, minmay_crypt_entry_simple_walls, v_rooms_4,
          vaults_dpeg_emergency_exit, v_alt_pattern_3, nicolae_vaults_murderbox,
          v_misc_22, vaults_mumra_minichess_inversion, serial_ice_h,
          layout_vaults_omnigrid
Vaults:4: grunt_vaults_focal, vaults_room_door_ring, vaults_room_corners,
          nicolae_vaults_windows_and_doors_thing, hangedman_vaults_nails,
          vaults_mumra_minichess, v_rooms_5, nicolae_vaults_little_squares_5,
          st_hourglassy, ontoclasm_vaults_hangar, nicolae_vaults_back_hallway,
          v_misc_12, ontoclasm_vaults_idyll, layout_vaults_maze
Depths:1: layout_cave_shapes, nicolae_kikubaaqudgha_miasma_corner, abyss_entry,
          serial_shops, nicolae_shop_waterfront, grunt_mini_vestibule,
          hellmonk_scale_shop
Depths:2: thingy_vault_2, layout_gridlike, hell_entry, pan_entry
Depths:3: minmay_the_grid_plus_closed [minmay_the_grid_fan,
          minmay_the_grid_dragon_b, minmay_the_grid_dragon_a,
          minmay_the_grid_spikes, minmay_the_grid_prize_diamond_cup],
          layout_gridville, grunt_hell_entry_dis_old, abyss_entry_crystal,
          chequers_big_river, kennysheep_okawaru_gauntlet
Depths:4: grunt_twist_and_shout, layout_small_grid, enter_ziggurat_f,
          hangedman_tar_grid_catacomb, enter_trove_5, trog_three_pillars_becter,
          minmay_shop_grove

Skill      XL: |  1  2  3  4  5  6  7  8  9 10 11 12 13 14 15 16 17 18 19 20 21 |
---------------+----------------------------------------------------------------+-----
Long Blades    | 3 4 5 6 7 8 |  8.0
Fighting       | 4 5 6 7 8 11 12 13 14 16 18 20 22 24 25 | 25.0
Axes           | 7 9 12 14 15 16 18 20 21 | 21.0
Armour         | 6 7 10 12 13 14 15 20 21 22 | 22.5
Invocations    | 5 7 10 11 12 | 12.8
Evocations     | 2 4 7 8 10 12 13 14 | 14.0
Dodging        | 5 |  5.0
Shields        | 10 14 15 | 15.0
Throwing       | 5 |  5.0

Action                     |  1- 3 |  4- 6 |  7- 9 | 10-12 | 13-15 | 16-18 | 19-21 || total
---------------------------+-------+-------+-------+-------+-------+-------+-------++-------
  Melee: Long sword        |    88 |   139 |     4 |       |       |       |       ||   231
         Headbutt          |     4 |    20 |    13 |    58 |   208 |   238 |   301 ||   842
         Battleaxe         |       |       |    67 |   306 |   777 |  1028 |   134 ||  2312
         Broad axe         |       |       |       |       |       |       |   831 ||   831
  Throw: Throwing net      |       |       |     5 |     2 |       |       |       ||     7
 Invoke: Ancestor Life: Kn |       |       |     1 |       |       |       |       ||     1
         Recall Ancestor   |       |       |       |     2 |    12 |    12 |     6 ||    32
         Transference      |       |       |       |       |       |       |     1 ||     1
  Evoke: Wand              |       |       |       |       |     7 |     2 |     5 ||    14
         Condenser vane    |       |       |       |       |     1 |     2 |     1 ||     4
    Use: Scroll            |       |     5 |     5 |     7 |    15 |     6 |    11 ||    49
         Potion            |       |     3 |     4 |     7 |     8 |     9 |     6 ||    37
   Stab: Distracted        |       |       |       |     2 |    13 |    10 |     9 ||    34
 Armour: Scale mail        |    17 |     5 |       |       |       |       |       ||    22
         Chain mail        |       |    55 |     4 |       |       |       |       ||    59
         Skin              |       |    50 |       |    18 |       |       |       ||    68
         Plate armour      |       |       |    50 |   192 |   315 |       |       ||   557
         Crystal plate arm |       |       |       |       |    71 |   837 |   453 ||  1361
  Dodge: Dodged            |    50 |    44 |    40 |   108 |   332 |   729 |   404 ||  1707
         Repelled          |       |       |       |     1 |     3 |    13 |     2 ||    19
  Block: Buckler           |    18 |    22 |       |       |       |       |       ||    40
         Kite shield       |       |       |       |       |       |       |   415 ||   415
         Reflection        |       |       |       |       |       |       |    24 ||    24

Table legend: (Time is in decaauts)
 A = Elapsed time spent in this place.
 B = Non-inter-level travel time spent in this place.
 C = Inter-level travel time spent in this place.
 D = Time resting spent in this place.
 E = Time spent auto-exploring this place.
 F = Levels seen in this place.
 G = Mean time per level.
                   A        B        C        D        E       F      G
               +--------+--------+--------+--------+--------+-----+--------+
         Total |  55402 |  50962 |   4440 |  17267 |  18464 |  42 | 1319.1 |
       Dungeon |  16592 |  14998 |   1594 |   3834 |   6928 |  15 | 1106.1 |
          Lair |   9827 |   8933 |    894 |   4234 |   2678 |   5 | 1965.4 |
        Shoals |   5579 |   4985 |    594 |   2079 |   1177 |   4 | 1394.8 |
   Spider Nest |   5815 |   5247 |    568 |   1833 |   1395 |   4 | 1453.8 |
  Orcish Mines |   2731 |   2552 |    179 |    904 |    983 |   2 | 1365.5 |
   Elven Halls |   2559 |   2472 |     87 |    775 |    690 |   2 | 1279.5 |
        Vaults |   7130 |   6747 |    383 |   2011 |   2853 |   4 | 1782.5 |
        Depths |   4627 |   4490 |    137 |   1479 |   1690 |   4 | 1156.8 |
        Bazaar |     45 |     45 |      0 |      0 |     13 |   1 |   45.0 |
      Ice Cave |    491 |    491 |      0 |    117 |     55 |   1 |  491.0 |
               +--------+--------+--------+--------+--------+-----+--------+

Top non-repeatable levels by time:
Depths:2: 2847 daAuts
  Lair:3: 2757 daAuts
  Lair:5: 2555 daAuts
Spider:4: 2237 daAuts
Vaults:1: 2117 daAuts
Vaults:4: 2090 daAuts
  Lair:4: 1847 daAuts
    D:10: 1841 daAuts
    D:15: 1732 daAuts
Vaults:3: 1699 daAuts
  Lair:2: 1615 daAuts
Spider:2: 1536 daAuts
    D:12: 1529 daAuts
Shoals:4: 1523 daAuts
   Elf:2: 1480 daAuts
